AoeStats
← [NICE_ASS] BigMasi

Black Forest

508932232Analyzed
3v3 RM · 8d ago on Sep 24, 2026· 25m 18s· 6 players
Game mode
Random Map
Map size
Normal (6 player)
Population
200
Speed
Normal
Resources
Standard
Victory
Conquest
Starting age
Dark Age
Ending age
Imperial Age
RankedLock teamsTeams togetherTeam positionsShared explorationLock speedFull tech treeHidden civsTurbo modeCheats
Victory
Defeat
🇸🇪 Teutons · Sweden
1263
+17
🇸🇪 Malians · Sweden
1255
+17
🇸🇪 Cumans · Sweden
1237
+18
🇨🇭 Varangians · Switzerland
1323
-18
🇺🇸 Danes · United States
1277
-17
🇳🇱 Dravidians · Netherlands
1261
-17
[NICE_ASS] BigMasi
1:22 Loom
11:28 Feudal Age
12:55 Double-Bit Axe
15:30 Castle Age
16:58 Bow Saw
20:14 Wheelbarrow
25:04 Hand Cart
24:47 Gold Mining
24:48 Stone Mining
Lewon
0:26 Loom
13:36 Feudal Age
17:49 Castle Age
16:24 Double-Bit Axe
17:29 Fishing Lines
LazyJames
11:26 Feudal Age
12:09 Double-Bit Axe
12:09 Horse Collar
17:02 Castle Age
18:54 Bow Saw
20:36 Heavy Plow
20:49 Gold Mining
22:16 Wheelbarrow
21:28 Loom
21:33 Crossbowman
22:19 Thumb Ring
25:00 Fletching
25:11 Padded Archer Armor
HELGE!!!!!!!!!!!
12:13 Feudal Age
16:14 Castle Age
14:28 Double-Bit Axe
17:15 Bow Saw
Kent-Agent
0:46 Loom
12:17 Feudal Age
16:03 Castle Age
14:37 Double-Bit Axe
14:42 Horse Collar
16:41 Wheelbarrow
21:25 Bow Saw
22:05 Heavy Plow
22:13 Stone Mining
25:18 Scale Barding Armor
25:23 Forging
25:04 Fletching
Kaos1000
11:28 Feudal Age
11:58 Double-Bit Axe
12:00 Horse Collar
21:12 Loom
21:15 Town Watch
23:36 Castle Age
22:12 Scale Barding Armor
22:18 Forging
24:08 Stone Mining
24:30 Bow Saw
24:22 Heavy Plow
Connection lost

Rejoining the realm…

Still unreachable

The connection could not be restored.

Session expired

The server has moved on; the page needs a fresh start.